 Dungeon Crawl Stone Soup version 0.17-a0-2064-g265a032 (webtiles) character file.

305 SlimeFever the Skirmisher (level 6, -14/52 HPs)
             Began as a Centaur Fighter on Oct 12, 2015.
             Demolished by an ogre
             ... wielding a +0 giant spiked club
              (20 damage)
             ... on level 4 of the Dungeon.
             The game lasted 00:25:22 (3261 turns).

SlimeFever the Skirmisher (Centaur Fighter)         Turns: 3261, Time: 00:25:22

Health: -14/52     AC:  8    Str: 20    XL:     6   Next: 16%
Magic:  15/15      EV:  6    Int:  7    God:
Gold:   91         SH:  9    Dex:  9    Spells: 0 memorised, 5 levels left

rFire  . . .     SeeInvis .     a - +0 long sword
rCold  . . .     Clarity  .     b - +0 scale mail
rNeg   + . .     SustAt   .     c - +0 shield
rPois  .         Gourm    .     (no helmet)
rElec  .         Spirit   .     (no cloak)
rCorr  .         Warding  +     k - +0 pair of gloves
rMut   .         Stasis   .     (no barding)
MR     .....                    o - amulet of warding
Stlth  ..........               s - +1 ring of protection
                                p - ring of magical power

@: very quick, not resistant to hostile enchantments, extremely unstealthy
A: hooves 3, deformed body, speed 2, tough skin 3
a: no special abilities


You were on level 4 of the Dungeon.
You were very hungry.

You visited 1 branch of the dungeon, and saw 4 of its levels.

You collected 91 gold pieces.

Inventory:

Hand Weapons
 a - a +0 long sword (weapon)
Missiles
 e - 18 sling bullets
 j - 12 bolts of penetration
 t - 36 arrows
Armour
 b - a +0 scale mail (worn)
 c - a +0 shield (worn)
 k - a +0 pair of gloves (worn)
Magical Staves
 u - an uncursed staff of poison {unknown}
Jewellery
 o - an amulet of warding (around neck)
 p - a ring of magical power (left hand)
 s - a +1 ring of protection (right hand)
 A - a +2 ring of evasion {unknown}
Wands
 q - a wand of disintegration (9)
Scrolls
 h - a scroll of teleportation
 z - a scroll of noise {unknown}
Potions
 d - a potion of might
 g - 2 potions of flight
 i - a potion of heal wounds {unknown}
 l - a potion of curing
 m - 2 potions of agility
 r - 2 potions of brilliance
 B - a potion of resistance {unknown}
Books
 w - Kikubaaqudgha's Catalogue of Black Rites
   (You found it on level 3 of the Dungeon)

   Spells                             Type                      Level
   a - Animate Skeleton               Necromancy                   1
 x - Vehumet's Incunabulum of Attacks
   (You found it on level 3 of the Dungeon)

   Spells                             Type                      Level
   a - Magic Dart                     Conjuration                  1
 y - Sif Muna's Compendium of the Voyage
   (You found it on level 3 of the Dungeon)

   Spells                             Type                      Level
   a - Apportation                    Translocation                1
Comestibles
 f - 5 fruits
 n - a slice of pizza
 v - 2 bread rations


   Skills:
 + Level 4.0 Fighting
 + Level 2.9 Long Blades
 * Level 2.9 Armour
 + Level 1.5 Dodging
 + Level 0.2 Stealth
 + Level 3.3 Shields


You had 5 spell levels left.
You didn't know any spells.

Dungeon Overview and Level Annotations

Branches:
Dungeon (4/15)
 Temple: D:4-7

Altars:
Kikubaaqudgha
Ru
Sif Muna
Vehumet
Xom

Shops:
D:4 (


Innate Abilities, Weirdness & Mutations

You have hooves in place of feet.
Armour fits poorly on your strangely shaped body.
You cover ground very quickly.
You have extremely tough skin (AC +3).


Message History

Found a dark potion.
Found a stone staircase leading up.
B - a dark potion An ogre comes into view.
It is wielding a giant spiked club.
The ogre shouts!
You slash the ogre!
The ogre is moderately wounded.
The ogre hits you with a giant spiked club.
You hit the ogre. Your kick misses the ogre.
The ogre is moderately wounded.
The ogre completely misses you.
You hit the ogre but do no damage.
The ogre is moderately wounded.
The ogre hits you with a giant spiked club!!
Ouch! That really hurt!
* * * LOW HITPOINT WARNING * * *
You slash the ogre! You kick the ogre, but do no damage.
The ogre is severely wounded.
The ogre hits you with a giant spiked club!!
You die...

#.# #.# #.# ....
#.# ....... #.#
....... #.#
....... #.#####.#
.......
#.....O@#+#..<....
########..........
#..........
#....############
#....# #..[...
#....# #......
#....# #......
#....# #......
####.# #......


You could see an ogre.

Vanquished Creatures
  A hound (D:4)
  Jessica (D:2)
  A giant frog skeleton (D:4)
  2 worker ants (D:4)
  8 adders
  A shadow imp (D:4)
  An ooze (D:1)
  5 worms
  2 giant geckos
  6 orcs (D:3)
  5 giant cockroaches
  8 goblins
  8 hobgoblins
  6 jackals (D:3)
  6 kobolds
  3 bats
  3 giant newts
  A quokka (D:3)
  9 rats
77 creatures vanquished.

Notes
Turn   | Place    | Note
--------------------------------------------------------------
     0 | D:1      | SlimeFever the Centaur Fighter began the quest for the Orb.
     0 | D:1      | Reached XP level 1. HP: 19/19 MP: 1/1
   173 | D:1      | Reached XP level 2. HP: 26/26 MP: 2/2
   672 | D:2      | Reached XP level 3. HP: 31/31 MP: 3/3
   804 | D:2      | Noticed Jessica
   815 | D:2      | Killed Jessica
   825 | D:2      | Found a faded altar to an unknown god.
   845 | D:2      | Found a shimmering altar of Xom.
   870 | D:2      | Reached XP level 4. HP: 38/38 MP: 4/4
  2036 | D:3      | Reached skill level 1 in Dodging
  2140 | D:3      | Reached XP level 5. HP: 16/46 MP: 5/5
  2357 | D:3      | Found a sacrificial altar of Ru.
  2474 | D:3      | Found a deep blue altar of Sif Muna.
  2476 | D:3      | Found an ancient bone altar of Kikubaaqudgha.
  2476 | D:3      | Found a radiant altar of Vehumet.
  2480 | D:3      | Identified Kikubaaqudgha's Catalogue of Black Rites
  2489 | D:3      | Identified Vehumet's Incunabulum of Attacks
  2497 | D:3      | Identified Sif Muna's Compendium of the Voyage
  2984 | D:4      | Found Woskic's Antique Weapon Shop.
  3016 | D:4      | Reached skill level 4 in Fighting
  3128 | D:4      | Reached XP level 6. HP: 26/52 MP: 6/6
  3256 | D:4      | Noticed an ogre
  3261 | D:4      | Demolished by an ogre

Vault maps used:
D:1:      erik_arrival_blinker_ship
D:2:      ecumenical_altar_1, xom_teletrap_fun, uniq_jessica
D:3:      grunt_temple_overflow_magic_moments,
          nicolae_ru_great_annihilating_truth, first_bread
D:4:      grunt_temple_overflow_order_and_chaos_1, serial_shops, kennysheep_mini

Action                   |  1- 3 |  4- 6 || total
-------------------------+-------+-------++-------
Melee: Long sword        |    81 |   210 ||   291
Evoke: Wand              |       |     1 ||     1
  Use: Scroll            |     3 |     5 ||     8
       Potion            |       |     1 ||     1
 Stab: Paralysed         |       |     1 ||     1
  Eat: Bread ration      |       |     1 ||     1
